 Dungeon Crawl Stone Soup version 0.28.0-49-g6dfe1f597d (webtiles) character file.

Game seed: 14744002049855923528

1886 pkoi the Insei (level 8, -6/66 HPs)
             Began as a Demigod Gladiator on May 16, 2022.
             Mangled by a centaur warrior zombie (10 damage)
             ... on level 8 of the Dungeon.
             The game lasted 00:12:07 (11601 turns).

pkoi the Insei (Demigod Gladiator)                 Turns: 11601, Time: 00:12:08

Health: -6/66      AC:  5    Str: 19    XL:     8   Next: 61%
Magic:  10/10      EV: 16    Int: 10    God:
Gold:   299        SH:  0    Dex: 28    Spells: 7/7 levels left

rFire   . . .      SeeInvis .     - Unarmed
rCold   + . .      Faith    .   (no shield)
rNeg    . . .      Spirit   .   n - +1 leather armour "Gablua" {rC+ Regen+ Dex+3}
rPois   .          Reflect  .   b - +0 helmet
rElec   .          Harm     .   (no cloak)
rCorr   .          Rampage  .   (no gloves)
Will    +....                   (no boots)
Stlth   ++........              (no amulet)
HPRegen 1.01/turn               i - ring of willpower
MPRegen 0.12/turn               o - +6 ring of dexterity

@: no status effects
A: high MP 1, forlorn, divine attributes
a: no special abilities


You were on level 8 of the Dungeon.
You visited 1 branch of the dungeon, and saw 10 of its levels.

You collected 299 gold pieces.

Inventory:

Hand Weapons
 e - a +2 short sword of speed
 h - a +2 dagger of speed
 p - a +0 rapier
Missiles
 c - 3 throwing nets (quivered)
 l - 2 poisoned darts
Armour
 a - a +0 leather armour
 b - a +0 helmet (worn)
 f - a +0 scale mail
 n - the +1 leather armour "Gablua" (worn) {rC+ Regen+ Dex+3}
   (You found it on level 6 of the Dungeon)

   Dex:       It affects your dexterity (+3).
   rC:        It protects you from cold.
   Regen:     It increases your rate of health regeneration.
Jewellery
 i - a ring of willpower (left hand)
 j - a +6 ring of intelligence
 m - a ring of protection from fire
 o - a +6 ring of dexterity (right hand)
Wands
 q - a wand of flame (5)
Scrolls
 d - 3 scrolls of teleportation
 g - 4 scrolls of identify
Potions
 k - 2 potions of mutation
 r - a potion of flight


   Skills:
 - Level 4.0 Fighting
 - Level 1.7 Throwing
 - Level 4.0 Armour
 - Level 5.0 Dodging
 * Level 7.3 Unarmed Combat
 + Level 4.0 Evocations


You had 7 spell levels left.
You didn't know any spells.
Your spell library contained the following spells:

 Spells                   Type           Power      Damage    Failure   Level
 Sandblast                Erth           0%         2d4       41%         1
 Passwall                 Tmut/Erth      0%         N/A       54%         2
 Stone Arrow              Conj/Erth      0%         3d7       78%         3


Dungeon Overview and Level Annotations

Branches:
Dungeon (10/15)            Temple (0/1) D:5
   Lair: D:8-11         Orc: D:9-12

Shops:
D:6 (

Annotations:
D:3 1 runed translucent door, Crazy Yiuf
D:4 Pikel
D:5 2 runed translucent doors, elongatedgoose's ghost, amateur KoBr
D:9 Psyche


Innate Abilities, Weirdness & Mutations

You have an increased reservoir of magic. (+10% MP)
You shall have no god before yourself.
Your divine heritage dramatically boosts your attributes as you level up.


Message History

The centaur warrior zombie barely misses you.
The centaur warrior zombie kicks you.
* * * LOW HITPOINT WARNING * * *
You punch the centaur warrior zombie!
The centaur warrior zombie is heavily damaged.
The centaur warrior zombie hits you!
* * * LOW HITPOINT WARNING * * *
The centaur warrior zombie kicks you.
* * * LOW HITPOINT WARNING * * *
Unknown command.
You barely miss the centaur warrior zombie.
The centaur warrior zombie is heavily damaged.
The centaur warrior zombie hits you.
* * * LOW HITPOINT WARNING * * *
The centaur warrior zombie closely misses you.
Unknown command.
You hit the centaur warrior zombie.
The centaur warrior zombie is severely damaged.
The centaur warrior zombie hits you.
* * * LOW HITPOINT WARNING * * *
The centaur warrior zombie closely misses you.
Unknown command.
Aiming: Throw Flame
Press: ? - help, Shift-Dir - straight line, f - centaur warrior zombie
Aim: a centaur warrior zombie (severely damaged, 98% to hit)
The puff of flame hits the centaur warrior zombie.
The centaur warrior zombie is severely damaged.
The centaur warrior zombie hits you.
* * * LOW HITPOINT WARNING * * *
The centaur warrior zombie closely misses you.
The centaur warrior zombie misses you.
The centaur warrior zombie kicks you but does no damage.
Unknown command.
Aiming: Throw Flame
Press: ? - help, Shift-Dir - straight line, f/p - centaur warrior zombie
Aim: a centaur warrior zombie (severely damaged, 98% to hit)
The puff of flame hits the centaur warrior zombie.
The centaur warrior zombie is severely damaged.
The centaur warrior zombie hits you!
You die...

8. .. # #. .##
..# #.##.##..
..## ##.......
...# ........#
...# #.# ...#
#.# ...#
#)######...#.##
#)#....@.......
#......Z.......
###............
######...####
...# ...# ..(#
.#$# .#


You could see a centaur warrior zombie.

Vanquished Creatures
  Prince Ribbit (D:5)
  Edmund (D:5)
  2 sky beasts
  2 black bears
  2 ogres
  A centaur (D:6)
  A kobold brigand (D:8)
  2 scorpions
  2 water moccasin skeletons
  3 wights
  A howler monkey (D:6)
  A bullfrog zombie (D:5)
  2 jellies
  A hound (D:7)
  A bullfrog skeleton (D:5)
  An orc priest (D:7)
  3 iguanas
  Natasha (twice) (D:4)
  An orc wizard (D:7)
  A hound skeleton (D:4)
  A howler monkey skeleton (D:6)
  3 adders
  A white imp (D:6)
  An ufetubus (D:5)
  4 worms
  A dart slug (D:1)
  4 orcs
  8 ball pythons
  7 endoplasms
  A giant cockroach (D:1)
  8 hobgoblins
  5 quokkas
  7 bats
  3 frilled lizards
  6 goblins
  19 kobolds
  6 rats
116 creatures vanquished.

Vanquished Creatures (collateral kills)
  A jelly (D:5)
  An ufetubus (D:4)
2 creatures vanquished.

Vanquished Creatures (others)
  6 plants
6 creatures vanquished.

Grand Total: 124 creatures vanquished

Notes
Turn   | Place    | Note
-------+----------+-------------------------------------------
     0 | D:1      | pkoi the Demigod Gladiator began the quest for the Orb.
     0 | D:1      | Reached XP level 1. HP: 17/17 MP: 3/3
   452 | D:1      | Reached skill level 3 in Unarmed Combat
   740 | D:1      | Reached XP level 2. HP: 17/24 MP: 4/4
  1599 | D:1      | Reached XP level 3. HP: 27/29 MP: 5/5
  1949 | D:2      | Reached skill level 1 in Armour
  3384 | D:3      | Reached XP level 4. HP: 33/37 MP: 6/6
  3607 | D:3      | Found a runed translucent door.
  3608 | D:3      | Noticed Crazy Yiuf
  4787 | D:4      | Reached XP level 5. HP: 14/42 MP: 7/7
  5562 | D:4      | Noticed Natasha
  5563 | D:4      | Noticed an ogre
  5572 | D:4      | Killed Natasha
  5573 | D:4      | Reached skill level 4 in Unarmed Combat
  5578 | D:4      | Noticed Natasha
  6003 | D:4      | Killed an ogre
  6125 | D:4      | Noticed Pikel
  6158 | D:4      | Reached XP level 6. HP: 34/51 MP: 8/8
  6200 | D:4      | Killed Natasha
  6516 | D:5      | Entered Level 5 of the Dungeon
  6559 | D:5      | Found a runed translucent door.
  6561 | D:5      | Noticed elongatedgoose's ghost (amateur KoBr)
  6611 | D:5      | HP: 2/51 [ufetubus (4)]
  6958 | D:5      | Noticed Prince Ribbit
  6964 | D:5      | Killed Prince Ribbit
  6965 | D:5      | Reached skill level 1 in Evocations
  6965 | D:5      | Reached XP level 7. HP: 58/58 MP: 9/9
  7191 | D:5      | Noticed Edmund
  7271 | D:5      | Killed Edmund
  7651 | D:5      | Reached skill level 5 in Unarmed Combat
  7903 | D:5      | Found a staircase to the Ecumenical Temple.
  7972 | D:5      | Saw a vision of the Swamp and the Spider Nest.
  7972 | D:5      | Noticed a wolf spider
  7972 | D:5      | Noticed a wolf spider
  7972 | D:5      | Noticed a hornet
  7972 | D:5      | Noticed a goliath frog
  8518 | D:5      | Found a runed translucent door.
  9380 | D:6      | Found Xezuiv's Antique Weapon Shop.
  9385 | D:6      | Identified the +1 leather armour "Gablua" {rC+ Regen+
                  | Dex+3}
  9777 | D:6      | Reached XP level 8. HP: 65/66 MP: 10/10
 10056 | D:6      | Reached skill level 5 in Dodging
 10239 | D:5      | Reached skill level 6 in Unarmed Combat
 11135 | D:7      | Reached skill level 7 in Unarmed Combat
 11376 | D:7      | You fall into a shaft and drop 3 floors!
 11376 | D:10     | Entered Level 10 of the Dungeon
 11381 | D:9      | Noticed Psyche
 11600 | D:8      | HP: 3/66 [centaur warrior zombie (2)]
 11601 | D:8      | Mangled by a centaur warrior zombie

Illustrated notes

Levels and vault maps discovered:
D:1:      dpeg_arrival_pits, layout_loops_ring,
          hellmonk_ecumenical_altar_prayer_group
D:2:      layout_basic, basic_altar
D:3:      cheibrodos_old_hovel, layout_loops_ring, eino_tiny_chamber,
          uniq_crazy_yiuf_cottage
D:4:      layout_loops_cross, mainiacjoe_overflow_alcove_4, uniq_natasha,
          uniq_grinder, uniq_pikel
D:5:      layout_loops_ring, nicolae_wu_jian_wuxing_cycle,
          grunt_ashenzari_visionary [grunt_ashenzari_visionary_swamp,
          grunt_ashenzari_visionary_spider], minmay_temple_entry_tees,
          ebering_ghost_sewer_f, uniq_prince_ribbit1, uniq_edmund
D:6:      layout_rooms, mainiacjoe_overflow_alcove_2,
          mainiacjoe_overflow_alcove_1, serial_shops,
          nicolae_shop_overgrown_old_shop, kennysheep_crisscross
D:7:      layout_loops_ring, lemuel_zombie_altar_kikubaaqudgha,
          mainiacjoe_overflow_chevrons, minmay_a_box_with_orc_wizards_in_it
D:8:      statuecave_lemuel, layout_loops_cross, serial_shops,
          nicolae_shop_advertising_works [nicolae_subvault_shop_adworks],
          nicolae_shop_trees, nicolae_stop_n_shop_1, shop
D:9:      layout_grid_maze, mainiacjoe_overflow_catwalk,
          mainiacjoe_overflow_brackets, orc_0_dummy, grunt_ministairs_11,
          st_stairs_13, hangedman_ranch, uniq_psyche, uniq_erolcha
D:10:     layout_loops_ring, grunt_temple_overflow_opulence,
          lemuel_crystal_altar, erik_lair_island, uniq_grum

Skill      XL: |  1  2  3  4  5  6  7  8 |
---------------+-------------------------+-----
Unarmed Combat | 3 4 5 7 |  7.3
Fighting       | 2 3 4 |  4.0
Dodging        | 3 4 5 |  5.0
Armour         | 1 2 3 4 |  4.0
Evocations     | 1 2 4 |  4.0
Throwing       | |  1.7

Action                   |  1- 3 |  4- 6 |  7- 9 || total
-------------------------+-------+-------+-------++-------
Melee: Short sword       |    91 |       |       ||    91
       Unarmed           |     9 |       |   171 ||   180
       Punch             |     5 |     7 |    17 ||    29
       Dagger            |   109 |   211 |   195 ||   515
Evoke: Wand              |       |     8 |    19 ||    27
  Use: Scroll            |     1 |     5 |     3 ||     9
       Potion            |     1 |     3 |     1 ||     5
 Stab: Distracted        |       |       |     1 ||     1
       Sleeping          |       |       |     1 ||     1
Armor: Leather armour    |     6 |       |    37 ||    43
       Scale mail        |    71 |    63 |    65 ||   199
       Skin              |       |     5 |       ||     5
Dodge: Dodged            |    90 |    81 |   217 ||   388
